 Dungeon Sprint DCSS version 0.31-a0-18-gea43df2a32 (webtiles) character file.

Game seed: 12997910824315696333

1233 sircluck the Grappler (level 8, 0/89 HPs)
             Began as a Troll Berserker on May 9, 2023.
             Was an Elder of Trog.
             Shot with an arrow by a centaur warrior (28 damage)
             ... in the Dungeon (Sprint I: "Red Sonja").
             The game lasted 00:01:58 (323 turns).

sircluck the Grappler (Troll Berserker)              Turns: 323, Time: 00:02:00

Health: 0/89       AC:  4    Str: 28    XL:     8   Next: 24%
Magic:  7/7        EV: 12    Int:  3    God:    Trog [****..]
Gold:   405        SH:  0    Dex:  9    Spells: 7/7 levels left

rFire   . .          .
                       - Unarmed
rCold   . . .        (no shield)
rNeg    . . .        a - +0 animal skin
rPois   .            (helmet restricted)
rElec   .            (no cloak)
rCorr   .            (gloves unavailable)
SInv    .            (boots unavailable)
Will    .....        (no amulet)
Stlth   +            (no ring)
HPRegen 1.14/turn    (no ring)
MPRegen 0.10/turn

%: no teleportation
@: no status effects
A: large, unfitting armour, claws 3, regeneration 1, shaggy fur 1, tough skin 1
a: Renounce Religion, Berserk, Trog's Hand, Brothers in Arms


You were in the Dungeon.
You worshipped Trog.
Trog was greatly pleased with you.
You visited 1 branch You collected 405 gold pieces.

Inventory:

Armour
 a - a +0 animal skin (worn)
Wands
 h - a wand of mindburst (4)
Scrolls
 f - a scroll of identify {unknown}
 g - a scroll of blinking
Potions
 b - a potion of curing
 d - a potion of haste
 e - 2 potions of magic
 i - a potion of resistance {unknown}


   Skills:
 + Level 8.3 Fighting
 + Level 9.1 Dodging
 + Level 0.4 Stealth
 + Level 12.2 Unarmed Combat


You had 7 spell levels left.
You didn't know any spells.
Your spell library was empty.

Dungeon Overview and Level Annotations

Branches:
Dungeon (1/1)

Altars:
Cheibriados
Dithmenos
Elyvilon
Fedhas
Gozag
Hepliaklqana
Kikubaaqudgha
Makhleb
Nemelex Xobeh
Okawaru
Qazlal
Ru
Sif Muna
Trog
Uskayaw
Vehumet
Wu Jian
Xom
Yredelemnul
Zin
The Shining One
Jiyva
Lugonu

Shops:
D (


Innate Abilities, Weirdness & Mutations

You are too large for most types of armour.
You have claws for hands.
Your natural rate of healing is unusually fast.
You are covered in fur. (AC +1)
You have tough skin. (AC +1)


Message History

There is an open door, spattered with blood here.
You see here a +0 ring mail.
There is an ornate altar of the Wu Jian Council here.
You open the door. 2 centaur warriors come into view.
The centaur warrior moves out of view.
Found 7 gold pieces.
The centaur warrior shouts!
The centaur warrior wields a +0 shortbow.
The centaur warrior shoots an arrow.
The arrow completely misses you.
Found a scroll labelled WORGHY YZXIZ.
There is an open door here.
As you close the door, it creaks loudly!
You start waiting.
The centaur warrior shoots an arrow.
The arrow misses you.
The centaur warrior shoots an arrow.
The arrow hits you!
You hear a shout!
You see here a +0 ring mail.
The centaur warrior shoots an arrow.
The arrow hits you!
There is an open door, spattered with blood here.
The centaur warrior shoots an arrow.
The arrow hits you!
The centaur warrior shoots an arrow.
The arrow hits you!!
There is an open door, spattered with blood here.
As you close the door, it creaks loudly!
A centaur warrior breaks down the door.
Aiming: Mindburst
Press: ? - help, Q - select action, (/) - cycle Shift-Dir - straight line, f - centaur warrior
Aim: a centaur warrior, wielding a +0 shortbow (chance to affect: 47%)
The centaur warrior's mind is blasted!
The centaur warrior shoots an arrow.
The arrow misses you.
You feel much better.
The centaur warrior shoots an arrow.
The arrow hits you!!
The centaur warrior shoots an arrow.
The arrow hits you!
* * * LOW HITPOINT WARNING * * *
There is a burning altar of Makhleb here.
Aiming: Mindburst
Press: ? - help, Q - select action, (/) - cycle Shift-Dir - straight line, f/p - centaur warrior
Aim: a centaur warrior, wielding a +0 shortbow (moderately wounded, chance to affect: 47%)
The centaur warrior resists with some effort.
The centaur warrior shoots an arrow.
The arrow hits you!!
You die...

##########################
#<.#..).)#..'..#__#..')..#
#..').#..'..#c.'..'..#)..#
#..#####'#####'#@_####...+
#..####..#...#[####$?#####
#..#__####..##c#~~§c.#
#..#_____##'#_.'§§§§§+
#⌠⌠#_.∩...†..._#§§§§.#
####_..__##_.#'##+####
#_____###+#.# ####### ###


You could see a centaur warrior.

Vanquished Creatures
  2 kobold demonologists (D)
  A slime creature (D)
  Sigmund (D)
  A yak (D)
  A floating eye (D)
  An ogre (D)
  A jelly (D)
  Ijyb (D)
9 creatures vanquished.

Notes
Turn   | Place    | Note
-------+----------+-------------------------------------------
     0 | D        | sircluck the Troll Berserker began the quest for the Orb.
     0 | D        | Reached XP level 1. HP: 22/22 MP: 0/0
     1 | D        | Noticed Ijyb
    10 | D        | Killed Ijyb
    11 | D        | Reached skill level 4 in Unarmed Combat
    11 | D        | Reached XP level 2. HP: 21/31 MP: 1/1
    22 | D        | Noticed an ogre
    28 | D        | Killed an ogre
    29 | D        | Reached skill level 5 in Dodging
    29 | D        | Reached skill level 6 in Unarmed Combat
    29 | D        | Reached XP level 3. HP: 9/41 MP: 2/2
    29 | D        | Reached XP level 4. HP: 11/49 MP: 3/3
    74 | D        | Noticed Sigmund
   102 | D        | Killed Sigmund
   102 | D        | Reached ** piety under Trog
   103 | D        | Reached skill level 8 in Unarmed Combat
   103 | D        | Reached XP level 5. HP: 31/59 MP: 4/4
   103 | D        | Reached XP level 6. HP: 35/67 MP: 5/5
   148 | D        | Found an ornate altar of the Wu Jian Council.
   148 | D        | Found a shimmering blue altar of Sif Muna.
   150 | D        | Found a radiant altar of Vehumet.
   188 | D        | Found Pont's Antique Weapon Emporium.
   188 | D        | Found an ancient bone altar of Kikubaaqudgha.
   188 | D        | Found a hazy altar of Hepliaklqana.
   188 | D        | Found a stormy altar of Qazlal.
   188 | D        | Found a hide-covered altar of Uskayaw.
   188 | D        | Found a blossoming altar of Fedhas.
   188 | D        | Found a bloodstained altar of Trog.
   188 | D        | Found an iron altar of Okawaru.
   188 | D        | Found a basalt altar of Yredelemnul.
   188 | D        | Found a glowing golden altar of the Shining One.
   188 | D        | Found a snail-covered altar of Cheibriados.
   188 | D        | Found a sacrificial altar of Ru.
   188 | D        | Found a glowing silver altar of Zin.
   188 | D        | Found a shadowy altar of Dithmenos.
   188 | D        | Found a white marble altar of Elyvilon.
   188 | D        | Noticed a yak
   191 | D        | Killed a yak
   192 | D        | Reached skill level 9 in Unarmed Combat
   192 | D        | Found an opulent altar of Gozag.
   193 | D        | Found a sparkling altar of Nemelex Xobeh.
   210 | D        | Found a burning altar of Makhleb.
   210 | D        | Found a viscous altar of Jiyva.
   210 | D        | Found a shimmering altar of Xom.
   210 | D        | Found a corrupted altar of Lugonu.
   210 | D        | Noticed a slime creature
   218 | D        | Killed a slime creature
   218 | D        | Reached *** piety under Trog
   219 | D        | Reached skill level 10 in Unarmed Combat
   219 | D        | Reached XP level 7. HP: 24/78 MP: 6/6
   277 | D        | Noticed a kobold demonologist
   277 | D        | Noticed a kobold demonologist
   289 | D        | Noticed a neqoxec
   289 | D        | Killed a kobold demonologist
   290 | D        | Reached skill level 11 in Unarmed Combat
   291 | D        | Killed a kobold demonologist
   291 | D        | Reached **** piety under Trog
   292 | D        | Reached skill level 12 in Unarmed Combat
   292 | D        | Reached XP level 8. HP: 77/89 MP: 7/7
   308 | D        | Noticed a centaur warrior
   308 | D        | Noticed a centaur warrior
   323 | D        | Shot with an arrow by a centaur warrior

Illustrated notes

Levels and vault maps discovered:
D:        dungeon_sprint_1 [red_sonja_temple_1, red_sonja_temple_small_1]

Skill      XL: |  1  2  3  4  5  6  7 |
---------------+----------------------+-----
Fighting       | 3 4 6 7 8 |  8.3
Dodging        | 3 5 6 7 9 |  9.1
Unarmed Combat | 4 6 8 10 12 | 12.2
Stealth        | |  0.4

Action                     |  1- 3 |  4- 6 |  7- 9 || total
---------------------------+-------+-------+-------++-------
  Melee: Unarmed           |    11 |    20 |    12 ||    43
  Evoke: Wand              |     1 |       |     2 ||     3
    Use: Potion            |       |     1 |     1 ||     2
 Armour: Animal skin       |       |     2 |     3 ||     5
  Dodge: Dodged            |     4 |     4 |     4 ||    12

Table legend: (Time is in decaauts)
 A = Elapsed time spent in this place.
 B = Non-inter-level travel time spent in this place.
 C = Inter-level travel time spent in this place.
 D = Time resting spent in this place.
 E = Time spent auto-exploring this place.
 F = Levels seen in this place.
 G = Mean time per level.
                   A        B        C        D        E       F      G
               +--------+--------+--------+--------+--------+-----+--------+
         Total |    326 |    309 |     17 |     44 |    104 |   1 |  326.0 |
       Dungeon |    326 |    309 |     17 |     44 |    104 |   1 |  326.0 |
               +--------+--------+--------+--------+--------+-----+--------+

Top non-repeatable levels by time:
       D: 326 daAuts
